 Dungeon Crawl Stone Soup version bcrawl-1.36.4 (webtiles) character file.

Game seed: 3042243878113759547

152756 doomedcactus the Firebug (level 6, -1/47 HPs)
             Began as a Demigod Fire Elementalist on June 24, 2022.
             Slain by a wraith (8 damage)
             ... in an ossuary.
             The game lasted 00:10:54 (3426 turns).

doomedcactus the Firebug (DgFE)                     Turns: 3426, Time: 00:10:54

Health: -1/47      AC:  3    Str: 12    XL:     6   Next: 7%
Magic:  5/12       EV: 11    Int: 23    God:    Demigod [**....]
Gold:   198        SH:  5    Dex: 17    Spells: 5/10 levels left

rFire    . . .     SeeInvis .   n - +1 short sword (vamp)
rCold    . . .     Gourm    .   f - +0 buckler
rNeg     . . .     Faith    .   a - +0 robe
rPois    .         Spirit   .   k - +0 helmet
rElec    .         Reflect  .   (no cloak)
rCorr    .                      (no gloves)
MR       .....                  (no boots)
Stlth    ++........             (no amulet)
HPRegen  0.15/turn              (no ring)
MPRegen  0.13/turn              (no ring)

@: slowed, very slow
A: high mp 1
a: Temporal Distortion, Growth


You were in an ossuary.
You worshipped Demigod.
Demigod was pleased with you.
You were hungry.

You visited 1 branch of the dungeon, and saw 4 of its levels.
You also visited: Ossuary.

You collected 198 gold pieces.

Inventory:

Hand Weapons
 g - a +0 dagger
 n - a +1 vampiric short sword (weapon)
Missiles
 d - 1204 stones (quivered)
Armour
 a - a +0 robe (worn)
 f - a +0 buckler (worn)
 k - a +0 helmet (worn)
Jewellery
 p - a +7 ring of strength {unknown}
 q - an uncursed ring of protection from fire {unknown}
Wands
 c - a wand of flame (4)
Scrolls
 b - 2 scrolls of amnesia
 i - a scroll of identify
 m - 2 scrolls of remove curse
 r - a scroll of immolation {unknown}
Potions
 h - a potion of degeneration {unknown}
 j - a potion of ambrosia {unknown}
 l - 2 potions of heal wounds {unknown}
 o - a potion of might {unknown}
 s - a potion of curing {unknown}
 t - a potion of agility {unknown}
 v - a potion of resistance {unknown}
Comestibles
 e - 4 rations {!d}


   Skills:
 + Level 1.4 Fighting
 - Level 2.1 Dodging
 - Level 2.0 Stealth
 * Level 1.9 Shields
 - Level 2.6 Spellcasting
 - Level 2.0 Conjurations
 * Level 4.4 Fire Magic


You had 5 spell levels left.
You knew the following spells:

 Your Spells              Type           Power        Failure   Level  Hunger
a - Flame Tongue          Conj/Fire      ###..        8%          1    None
b - Sticky Flame          Conj/Fire      ###.....     58%         4    #####..

Your spell library contained the following spells:

 Spells                   Type           Power        Failure   Level  Hunger
 Flaming Arrows           Chrm/Fire      ##......     17%         2    ##.....
 Conjure Flame            Conj/Fire      ###.....     22%         3    ####...
 Inner Flame              Hex/Fire       N/A          32%         3    ####...
 Fireball                 Conj/Fire      ###.......   90%         5    #######


Dungeon Overview and Level Annotations

Branches:
Dungeon (4/12)
 Temple: D:4-7

Shops:
D:4 :

Annotations:
D:3 Sigmund


Innate Abilities, Weirdness & Mutations

You have an increased reservoir of magic. (+10% MP)


Message History

The wraith hits you! The wraith drains your vigour!
You feel as though you will be slow longer.
Casting: Flame Tongue (safe; 8% risk of failure)
Confirm with . or Enter, or press ? or * to list all spells.
Aiming: Flame Tongue (safe; 8% risk of failure)
Press: ? - help, Shift-Dir - straight line, f/p - wraith
Aim: a wraith (moderately damaged)
The flame tongue hits the wraith but does no damage.
The wraith is moderately damaged.
The wraith hits you!
* * * LOW HITPOINT WARNING * * *
The wraith drains your vigour!
You feel as though you will be slow longer.
The wraith closely misses you.
As you read the scroll of fear, it crumbles to dust.
You assume a fearsome visage.
The wraith is unaffected.
The wraith hits you.
* * * LOW HITPOINT WARNING * * *
The wraith hits you!
You die...
Your divinity fades.

## .. ..##
..##### ..##
.##...##...## .
##...!.##...# ..
#.?!?.?.'...+
...##.??..##W..#
#...##...##@..##
#...#####...## .
#.........##...
..#####'#####....
.................
.................
######'''########
#...#### +...'..#


You could see a wraith.

Vanquished Creatures
  A crimson imp (D:4)
  A hound (D:4)
  A bullfrog skeleton (D:4)
  A worker ant (D:4)
  A mummy (Ossuary)
  4 gnolls
  Robin (D:2)
  2 oozes
  4 worms
  A dart slug (D:1)
  2 leopard geckos
  3 orcs
  2 ball pythons
  A giant cockroach (D:1)
  8 goblins
  7 hobgoblins
  14 jackals
  10 kobolds
  4 bats
  6 frilled lizards
  2 gnoll skeletons (Ossuary)
  5 kobold skeletons (Ossuary)
  2 orc skeletons (Ossuary)
  4 rats (D:1)
87 creatures vanquished.

Notes
Turn   | Place    | Note
-------+----------+-------------------------------------------
     0 | D:1      | doomedcactus the Demigod Fire Elementalist began the quest
                  | for the Orb.
     0 | D:1      | Reached XP level 1. HP: 14/14 MP: 5/5
    89 | D:1      | Reached skill level 1 in Conjurations
   239 | D:1      | Reached skill level 3 in Fire Magic
   239 | D:1      | Reached XP level 2. HP: 18/20 MP: 1/7
   602 | D:1      | Reached XP level 3. HP: 27/27 MP: 5/8
  1058 | D:1      | Reached * piety under Demigod
  1154 | D:2      | Noticed Robin
  1156 | D:2      | Killed Robin
  1379 | D:2      | Found a shadowy altar of Dithmenos.
  1489 | D:2      | Reached XP level 4. HP: 34/34 MP: 4/10
  1523 | D:2      | Learned a level 4 spell: Sticky Flame
  1741 | D:2      | Reached skill level 1 in Shields
  2005 | D:3      | Reached skill level 1 in Fighting
  2514 | D:3      | Found a hide-covered altar of Uskayaw.
  2544 | D:3      | Reached XP level 5. HP: 40/40 MP: 8/11
  2716 | D:3      | Noticed Sigmund
  2942 | D:4      | Reached ** piety under Demigod
  2943 | D:4      | Reached skill level 4 in Fire Magic
  3050 | D:4      | Found Itucil's Book Shoppe.
  3234 | D:4      | Found a sand-covered staircase.
  3285 | Ossuary  | Entered an ossuary
  3285 | Ossuary  | Noticed a wraith
  3285 | Ossuary  | Noticed a wraith
  3285 | Ossuary  | Noticed a wraith
  3300 | Ossuary  | Reached XP level 6. HP: 47/47 MP: 8/12
  3410 | Ossuary  | Noticed a wraith
  3426 | Ossuary  | Slain by a wraith

Skill      XL: |  1  2  3  4  5 |
---------------+----------------+-----
Conjurations   | 1 2 |  2.0
Fire Magic     | 3 4 |  4.4
Spellcasting   | 2 |  2.6
Dodging        | 2 |  2.1
Shields        | 1 |  1.9
Fighting       | 1 |  1.4
Stealth        | |  2.0

Action                   |  1- 3 |  4- 6 || total
-------------------------+-------+-------++-------
Melee: Dagger            |    38 |       ||    38
       Short sword       |       |    46 ||    46
 Cast: Flame Tongue      |    69 |    89 ||   158
  Use: Scroll            |       |     4 ||     4
  Eat: Chunk             |     4 |     6 ||    10
       Ration            |       |     2 ||     2
Armor: Robe              |    10 |    14 ||    24
Dodge: Dodged            |    39 |    47 ||    86
Block: Buckler           |    19 |    31 ||    50
